serge_lutens, lawful male human Archeologist --- ----)-- |..)..| -----[%)-| ---...)...)-- |.. |)).....))..| ---|... |))....)(...| ---..--^.-.. --.).....--.--- -............. ---..|(.--)..| |.............. ----....--.- -.|........... |.....I..[.. ----......... |.^..[...... -....... --..--.--.|. |.....-- ...-- - --- -....| --- ---....-- ----.......-- --..........)| |..<.........| --.--.--.----- --- --- serge_lutens the Investigator Experience level: 9 Strength: 17 Dexterity: 12 Constitution: 15 Intelligence: 16 Wisdom: 18 Charisma: 8 Health: 0(71) Energy: 51(51) Def: 14 Gold: 156 Moves: 8695 Dungeon seed: S1857Kw8bvYZmOY4 Game ID: serge_lutens_1526822600 Your Inventory: Coins $ - 156 gold pieces Weapons a - a +4 bullwhip s - a +0 silver saber (weapon in hand) G - a +0 dagger (alternate weapon; not wielded) H - 8 cursed +1 darts I - 14 +0 darts J - 3 cursed -2 darts (in quiver) Armor L - an uncursed +0 helmet S - an uncursed +0 pair of iron shoes U - an uncursed +0 pair of high boots V - a blessed +2 silver dragon scale mail (being worn) Y - an uncursed rusty +2 dwarvish iron helm (being worn) Comestibles b - 9 uncursed food rations i - an uncursed tin of jackal meat m - 2 cursed lembas wafers O - an uncursed partly eaten food ration Z - an uncursed cream pie Scrolls f - an uncursed scroll of create monster p - a blessed scroll of blank paper Spellbooks A - an uncursed spellbook of confuse monster Rings D - an uncursed ring of slow digestion (on right hand) E - an uncursed ring of cold resistance (on left hand) M - an uncursed +1 ring of adornment Wands x - a wand of polymorph (0:7) F - a wand of fire (0:0) X - a cursed wand of secret door detection (0:10) Tools d - an uncursed lock pick h - an uncursed wooden harp K - an uncursed sack P - an uncursed tin whistle Q - an uncursed mirror T - an uncursed credit card Gems c - 2 uncursed diamonds e - an uncursed garnet stone g - 2 uncursed rubies j - an uncursed worthless piece of white glass k - 2 uncursed jasper stones l - an uncursed worthless piece of red glass n - an uncursed worthless piece of black glass o - 2 uncursed obsidian stones q - an uncursed touchstone r - 2 uncursed luckstones t - a cursed amethyst stone u - 2 cursed worthless pieces of violet glass v - a cursed diamond w - a cursed worthless piece of yellowish brown glass y - an uncursed worthless piece of green glass z - an uncursed worthless piece of yellow glass C - 2 uncursed emeralds N - an uncursed amber stone R - 2 uncursed agate stones W - an uncursed amethyst stone Contents of the sack: an uncursed food ration a potion of unholy water an uncursed magic lamp a cursed magic lamp Spells and supernatural/magical abilities: Name Level Category Fail Memory a - force bolt 1 attack 30% 60% u - confuse monster 2 enchantment 45% 95% M - magic mapping 5 divination 100% 63% W - pray for help -- divine ? -- Your skills at the end: Fighting Skills Weapon Skills dagger [Basic] pick-axe [Basic] saber [Skilled] whip [Skilled] Spellcasting Skills Final Attributes: You were piously aligned. You were cold resistant. You were stealthy. You were held by an owlbear. You had slower digestion. You were fast. You had reflection. You were unlucky. You had extra luck. Bad luck did not time out for you. Good luck did not time out for you. You are dead. Vanquished creatures: a clay golem a ghost 2 giant mimics an umber hulk a stalker 5 wargs a winter wolf 2 small mimics a wood golem a pyrolisk an energy vortex a human mummy 2 ettin zombies 2 leather golems 3 watchmen a quivering blob a wolf a gremlin a spotted jelly an orc-captain 4 giant spiders an ice vortex a vampire bat 2 forest centaurs 6 gnome kings a dwarf mummy 6 ogres 2 brown puddings a yeti a Green-elf a piranha a lizard a chickatrice a dingo 2 jaguars 2 ravens a gnome mummy 2 rope golems 3 Woodland-elves an imp a wood nymph 3 Mordor orcs a rock piercer a pony a fog cloud 2 yellow lights a shrieker a violet fungus 12 gnome lords 6 gnomish wizards 2 kobold mummies a red naga hatchling a golden naga hatchling 2 elf zombies a straw golem 2 giant ants a floating eye 2 dwarves a homunculus a kobold lord a kobold shaman a giant bat a monkey 3 orc zombies 3 dwarf zombies an iguana a killer bee 2 hobbits 2 manes a large kobold 2 hobgoblins 2 cave spiders 2 green molds 50 gnomes a gnome zombie 10 jackals 2 kobolds 3 goblins 6 sewer rats 2 grid bugs 3 bats 3 lichens a kobold zombie 6 newts 222 creatures vanquished. Voluntary challenges: You had been an atheist until turn 2440. You used a wielded weapon 438 times, starting on turn 1. You read items or engraved 73 times, starting on turn 605. You never genocided any monsters. You never polymorphed an object. You changed form 1 time, starting on turn 7350. You used 1 wish, starting on turn 2659. You did not wish for any artifacts. You never split a pudding. You wrote Elbereth's name 22 times, starting on turn 1373. You violated your moral code, losing 30 points of alignment, starting on turn 7962. Dungeon overview: The Dungeons of Doom: levels 1 to 3 Level 1 a fountain a long staircase Level 2 a scroll shop, a fountain Level 3 a fountain stairs to The Gnomish Mines The Gnomish Mines: levels 4 to 12 Level 4 stairs to The Dungeons of Doom Level 5 <- You were here Level 6 many shops, a temple to Camaxtli, some fountains Level 7 Level 8 Level 9 Level 10 Level 11 Level 12 History has recorded: On T:1 you entered the Dungeons of Doom to retrieve the Amulet of Yendor! On T:162 you advanced to experience level 2. On T:534 you reached level 2 of The Dungeons of Doom. On T:1457 you advanced to experience level 3. On T:1486 you reached level 1 of The Gnomish Mines. On T:1534 you advanced to experience level 4. On T:2014 you reached level 2 of The Gnomish Mines. On T:2022 you advanced to experience level 5. On T:2246 you reached level 3 of The Gnomish Mines. On T:2659 you wished for "blessed greased +2 silver dragon scale mail". On T:2765 you advanced to experience level 6. On T:2813 you reached level 4 of The Gnomish Mines. On T:3956 you advanced to experience level 7. On T:4269 you reached level 6 of The Gnomish Mines. On T:4535 you reached level 7 of The Gnomish Mines. On T:4590 you advanced to experience level 8. On T:5041 you reached level 8 of The Gnomish Mines. On T:5439 you reached level 9 of The Gnomish Mines. On T:6211 you advanced to experience level 9. Score breakdown: Gold: 156 ( 7469 points) Experience: 9 levels (15756 points) Exploration: 12 levels ( 23.53%) (14071 points) Discoveries: 43 items ( 14.43%) (11395 points) Valuables value: (no points given unless you survive) Artifact value: 0 ( 0 points) Variety of kills: 84 monsters ( 22.05%) (14086 points) Turncount: 8695 turns (-2172 points) Survival: died (score multiplied by 80%) Total score: 48484 Latest messages: The owlbear hits! (2x) The owlbear grabs you, but cannot hold onto your greased silver dragon scale mail! The grease wears off. You hit the owlbear! (2x) The owlbear hits! (2x) The owlbear grabs you! You hit the owlbear. The owlbear hits! (2x) You are being crushed. You cannot escape from the owlbear! (2x) The owlbear hits! (2x) You are being crushed. You miss the owlbear. The owlbear misses. The owlbear hits! You are being crushed. You write in the dust with your fingers. The owlbear hits! The owlbear just misses! You are being crushed. You hit the owlbear! You suddenly fall asleep! It hits! (2x) You are being crushed. You die... Final status: Goodbye serge_lutens the Archeologist, killed by an owlbear, while sleeping... You died in The Gnomish Mines on dungeon level 5 with 48484 points, and 156 pieces of gold, after 8695 moves. You were level 9 with a maximum of 71 hit points when you died.